 Dungeon Crawl Stone Soup version 0.18-b1-22-ge198996 (webtiles) character file.

1490362 Leszczynek the Victor of a Thousand Battles (level 27, 147/258 HPs)
             Began as a Hill Orc Venom Mage on May 2, 2016.
             Was the Champion of Okawaru.
             Escaped with the Orb
             ... and 3 runes on May 4, 2016!
             The game lasted 08:11:31 (114196 turns).

Leszczynek (HOVM)                                 Turns: 114196, Time: 08:11:31

Health: 147/258    AC: 44    Str: 31    XL:     27
Magic:  32/32      EV: 30    Int: 17    God:    Okawaru [******]
Gold:   6022       SH:  0    Dex: 21    Spells: 11 memorised, 21 levels left

rFire  + + .     SeeInvis +     a - +7 triple crossbow of the Stork {velocity, Str-2 Int+4 Dex+4}
rCold  + + +     Gourm    .     G - +10 plate armour {rC+}
rNeg   . . .     Faith    .     (shield currently unavailable)
rPois  .         Spirit   .     W - +2 hat {SInv}
rElec  .         Dismiss  .     g - +2 cloak {MR+}
rCorr  .         Reflect  .     n - +2 pair of fencer's gloves {LBl+4 SBl+4 EV+3 Dex+6}
SustAt .         Harm     .     o - +2 pair of boots
MR     +++..                    H - amulet of regeneration
Stlth  ..........               O - ring "Soizif" {+Fly rC++ EV+3 Str+9 Stlth-}
                                m - ring of protection from fire

@: heroism, finesse, repel missiles, extremely resistant to hostile
enchantments, extremely unstealthy
A: claws 1, slimy green scales 1, see invisible, deterioration 1, dopey 1, fire
resistance 1, low mp 2, screaming 2, MP-powered wands
a: Heroism, Finesse, Renounce Religion, Evoke Flight
0: Orb of Zot
}: 3/15 runes: decaying, slimy, gossamer


You escaped.
You worshipped Okawaru.
Okawaru was exalted by your worship.
You were not hungry.

You visited 10 branches of the dungeon, and saw 56 of its levels.
You visited the Abyss 2 times.
You also visited: Sewer, Ossuary and Ice Cave.

You collected 9953 gold pieces.
You spent 3931 gold pieces at shops.

Inventory:

Hand Weapons
 a - the +7 triple crossbow of the Stork (weapon) {velocity, Str-2 Int+4 Dex+4}
   (Okawaru gifted it to you on level 5 of the Lair of Beasts)

   Any bolt fired from it inflicts extra damage.
   It affects your strength (-2).
   It affects your intelligence (+4).
   It affects your dexterity (+4).
 b - the +6 battleaxe "Tedghe Iritt" {elec, rPois Str-4 Stlth+}
   (Okawaru gifted it to you on level 6 of the Lair of Beasts)

   Occasionally, upon striking a foe, it will discharge some electrical energy
   and cause terrible harm.
   It affects your strength (-4).
   It protects you from poison.
   It makes you more stealthy.
 c - the +6 arbalest "Damnation" {damnation, rF++ rC- MR+}
   (Okawaru gifted it to you on level 7 of the Lair of Beasts)

   It greatly protects you from fire.
   It makes you vulnerable to cold.
   It affects your resistance to hostile enchantments.
 q - the +3 executioner's axe "Ynicsups" {elec, Str+4}
   (You acquired it on level 15 of the Dungeon)

   Occasionally, upon striking a foe, it will discharge some electrical energy
   and cause terrible harm.
   It affects your strength (+4).
 V - the +9 heavy crossbow "Sniper" {velocity, nevermiss, SInv}
   (Okawaru gifted it to you on level 4 of the Realm of Zot)

   Any bolt fired from it inflicts extra damage.
   It lets you see invisible.
Missiles
 d - 1483 bolts (quivered)
 Z - 9 throwing nets
Armour
 g - a +2 cloak of magic resistance (worn)
 n - the +2 pair of fencer's gloves (worn) {LBl+4 SBl+4 EV+3 Dex+6}
   (You found it on level 6 of the Pits of Slime)

   It affects your evasion (+3).
   It affects your dexterity (+6).
 o - a +2 pair of boots (worn)
 G - a +10 plate armour of cold resistance (worn)
 W - a +2 hat of see invisible (worn)
Jewellery
 f - an uncursed ring of resist corrosion
 m - a ring of protection from fire (left hand)
 E - an uncursed ring of protection from magic
 F - an uncursed ring of protection from fire
 H - an amulet of regeneration (around neck)
 O - the ring "Soizif" (right hand) {+Fly rC++ EV+3 Str+9 Stlth-}
   (You found it on level 6 of the Pits of Slime)

   [ring of evasion]

   It affects your evasion (+3).
   It affects your strength (+9).
   It greatly protects you from cold.
   It lets you fly.
   It makes you less stealthy.
 Q - an uncursed ring of poison resistance
Wands
 j - a wand of digging (9/24)
 k - a wand of paralysis (14/24)
 t - a wand of disintegration (4/24)
 v - a wand of teleportation (6/9)
 R - a wand of acid (9/15)
Scrolls
 e - a scroll of acquirement
 w - 4 scrolls of fear
 z - 2 scrolls of magic mapping
 A - 2 scrolls of blinking
 C - 28 scrolls of remove curse
 D - a scroll of silence
 J - 3 scrolls of fog
 U - 12 scrolls of identify
 Y - 7 scrolls of recharging
Potions
 h - 7 potions of cure mutation
 p - 4 potions of curing
 r - 2 potions of ambrosia
 x - 3 potions of agility
 B - a potion of heal wounds
 K - 2 potions of resistance
 L - 2 potions of might
 M - 3 potions of magic
 N - 5 potions of haste
 T - 2 potions of cancellation
 X - 4 potions of invisibility
Miscellaneous
 i - a phial of floods
 s - 2 phantom mirrors
 u - a box of beasts
 I - a sack of spiders
 P - a fan of gales
Comestibles
 l - 5 chunks of flesh
 y - 24 meat rations
 S - 17 bread rations


   Skills:
 - Level 23.3(27) Fighting
 - Level 21.9(27) Axes
   Level 2.8(18.2) Maces & Flails
 - Level 26.0(27) Crossbows
 - Level 15.1(20.1) Armour
 - Level 14.4(19.4) Dodging
 - Level 1.5(6.5) Stealth
 - Level 9.0 Spellcasting
 + Level 5.7 Charms
 + Level 6.6 Summonings
 - Level 4.6 Necromancy
 - Level 6.3 Translocations
 * Level 4.3 Air Magic
 - Level 3.6 Poison Magic
 O Level 27 Invocations
 - Level 15.1 Evocations


You had 21 spell levels left.
You knew the following spells:

 Your Spells              Type           Power        Failure   Level  Hunger
a - Sting                 Conj/Pois      ##..         17%         1    None
b - Cure Poison           Pois           ###.......   14%         2    None
c - Apportation           Tloc           ####......   2%          1    None
d - Summon Butterflies    Summ           ####....     2%          1    None
e - Blink                 Tloc           N/A          4%          2    None
f - Repel Missiles        Chrm/Air       ###...       10%         2    None
g - Swiftness             Chrm/Air       ###.....     10%         2    None
h - Passwall              Trmt/Erth      #.........   63%         2    None
i - Regeneration          Chrm/Necr      ####......   17%         3    None
j - Song of Slaying       Chrm           ####....     6%          2    None
k - Silence               Hex/Air        ##........   100%        5    #####..


Dungeon Overview and Level Annotations

Branches:
Dungeon (15/15)            Temple (0/1) D:7            Lair (8/8) D:8
  Swamp (4/4) Lair:3       Spider (4/4) Lair:5        Slime (6/6) Lair:7
    Orc (2/2) D:11            Elf (3/3) Orc:2        Vaults (4/5) D:14
  Crypt (0/3) Vaults:3     Depths (5/5) D:15            Zot (5/5) Depths:5

Altars:
Ashenzari
Cheibriados
Dithmenos
Fedhas
Gozag
Kikubaaqudgha
Makhleb
Nemelex Xobeh
Okawaru
Pakellas
Sif Muna
Yredelemnul
Beogh
Lugonu

Shops:
D:5 [   D:11 [   Orc:2 !(?[*   Elf:3 !   Vaults:1 [}%((   Depths:2 ?
Depths:4 *((

Portals:
Hell: Depths:1 Depths:2 Depths:3 Depths:4 Depths:5
Abyss: Depths:2 Depths:3 Depths:4 Depths:5
Pandemonium: Depths:3
Ziggurat: Depths:4

Annotations:
D:3 1 exclusion, Terence; Zhenya25pyc's ghost, amateur GrFi
D:5 2 runed doors
D:8 Erolcha
D:9 Ijustatesigmund's ghost, novice TrHu
Lair:2 komodo dragon, exclusion: upstairs
Lair:4 2 death yak packs roaming
Lair:5 exclusion: oklob plant
Elf:2 3 runed doors
Vaults:3 exclusion: 2 doors
Depths:3 exclusion: 2 obsidian statues
Depths:4 exclusions: 2 daevas and 2 more exclusions


Innate Abilities, Weirdness & Mutations

You have sharp fingernails.
You are partially covered in slimy green scales (AC +2).
You have supernaturally acute eyesight.
Your body sometimes deteriorates upon taking damage.
You are dopey. (Int -2)
Your flesh is heat resistant.
Your magical capacity is very low (-20% MP).
You sometimes yell uncontrollably at your foes.
You expend magic power (3 MP) to strengthen your wands.


Message History

No target in view!
d - 1482 bolts (gained 14)
d - 1483 bolts (gained 1)
The small abomination hits the plant!
Really attack while wielding the +7 triple crossbow of the Stork {velocity, Str-2 Int+4 Dex+4}? [Y]es or [N]o only, please.
Really attack while wielding the +7 triple crossbow of the Stork {velocity, Str-2 Int+4 Dex+4}? [Y]es or [N]o only, please.
Really attack while wielding the +7 triple crossbow of the Stork {velocity, Str-2 Int+4 Dex+4}?
Okay, then.
Something hits the plant but does no damage.
The plant is no longer weakened.
Really attack while wielding the +7 triple crossbow of the Stork {velocity, Str-2 Int+4 Dex+4}? [Y]es or [N]o only, please.
Really attack while wielding the +7 triple crossbow of the Stork {velocity, Str-2 Int+4 Dex+4}? [Y]es or [N]o only, please.
Really attack while wielding the +7 triple crossbow of the Stork {velocity, Str-2 Int+4 Dex+4}?
Okay, then.
There is a staircase leading out of the dungeon here.
You have escaped! #......'....#PPPPPPPPPPPP.x..## ###.#.####....#PPPPPPPPPPPPPPP.# ..#.#....#.####PPPPP.....PPPPP.# #.#......#.# #PPP..PPPPP..PPP.#

#........).####PP.PPP...PPP.PP(#
.............##PP.PP.PPP.PP.PP(##
#............##P.PP.PP.PP.PP.P.##
#.#..........##P.P.PP.P.PP.P.P.##
.............##P@P.P.PPP.P.P...##
#.##.........##P.P.PP.P.PP.P.P.##
#.##.........##P.PP.PP.PP.PP.P.#
.............##PP.PP.PPP.PP.PP.#
.............##PP.PPP...PPP.PP.#
..........#####PPP..PPPPP..PPP.##
..........#


#PPPPP.....PPPPP.#. ########### #PPPPPPPPPPPPPPP.#. #PPPPPPPPPPPPPPP.#. There
were no monsters in sight!

Vanquished Creatures
  the Royal Jelly (Slime:6)
  7 ancient liches
  7 orbs of fire
  Mennas (Vaults:4)
  4 pandemonium lords
  the Lernaean hydra (Swamp:4)
  Frederick (Vaults:4)
  Norris (Depths:3)
  3 Killer Klowns (Zot:5)
  4 caustic shrikes (Depths:4)
  A curse toe (Zot:5)
  14 golden dragons
  Nikola (Depths:2)
  A profane servitor (Zot:5)
  4 bone dragons
  3 electric golems
  Jorgrun (Vaults:2)
  17 tentacled monstrosities
  5 liches
  Rupert (D:14)
  An Ice Fiend (D:13)
  29 Orb Guardians
  Asterion (Depths:2)
  A quicksilver dragon (shapeshifter) (Depths:3)
  A quicksilver dragon (Depths:5)
  5 deep elf master archers (Elf:3)
  25 acid blobs
  3 deep elf blademasters (Elf:3)
  19 tentacled starspawn
  2 Executioners
  An eldritch tentacle (Zot:5)
  10 death cobs
  A tengu reaver (Vaults:4)
  3 sphinxes
  Agnes (Spider:1)
  4 thorn hunters
  15 storm dragons
  A storm dragon (shapeshifter) (Depths:3)
  4 shadow dragons
  10 azure jellies
  Roxanne (Elf:3)
  A daeva (D:13)
  4 draconian monks
  2 iron dragons (Depths:2)
  A revenant (Abyss:2)
  3 fire giants
  Wiglaf (Depths:1)
  4 draconian scorchers
  2 orc warlords
  6 deep elf sorcerers
  Donald (Spider:1)
  9 ghost moths
  5 draconian shifters
  Louise (Spider:4)
  Maud (Lair:8)
  2 draconian knights
  3 balrugs
  5 cacodemons
  4 deep elf elementalists
  A draconian zealot (Zot:5)
  5 frost giants
  6 emperor scorpions
  A reaper (Zot:1)
  8 vault wardens
  3 draconian annihilators
  19 very ugly things
  A ghoul (Vaults:4)
  An angel (Abyss:3)
  8 ironheart preservers
  A spriggan defender (Depths:4)
  2 draconian callers
  18 stone giants
  3 war gargoyles (Depths:3)
  2 grey draconians (Depths:5)
  The ghost of Shenda the Cleaver, a journeyman HOFi of Okawaru (Lair:1)
  13 green draconians
  An apis (shapeshifter) (Depths:3)
  10 mottled draconians
  6 deep elf demonologists (Elf:3)
  15 black draconians
  3 vampire knights
  6 spark wasps
  9 purple draconians
  5 deep elf annihilators (Elf:3)
  7 yellow draconians
  23 white draconians
  3 deep elf death magi
  2 salamander stormcallers (Vaults:4)
  A dire elephant (D:14)
  An eidolon (Abyss:3)
  22 red draconians
  A blizzard demon (Depths:3)
  A merfolk impaler (Depths:2)
  Snorg (D:13)
  4 green deaths
  9 ettins
  12 crystal guardians (Depths:3)
  A quicksilver dragon zombie (Abyss:3)
  2 jiangshi (Depths:1)
  11 yaktaur captains
  5 death oozes (Slime:6)
  10 vault guards
  22 fire dragons
  15 great orbs of eyes
  2 deep elf high priests (Elf:3)
  8 entropy weavers
  8 rakshasas
  26 hydras
  3 spriggan air magi
  18 ice dragons
  A catoblepas (D:15)
  3 ghost crabs
  2 ghost crabs (shapeshifter) (Depths:3)
  An alligator (shapeshifter) (Depths:5)
  9 centaur warriors
  30 dancing weapons
  The ghost of Chiseanne the Thaumaturge, a journeyman DsWz of Gozag (Orc:1)
  9 deep troll earth magi
  13 ogre magi
  9 alligators
  2 death knights
  A queen ant (Spider:4)
  5 orc high priests
  6 tengu warriors
  8 deep troll shamans
  10 death yaks
  4 vampire magi
  A storm dragon zombie (Abyss:3)
  A shock serpent (Depths:3)
  4 spriggan berserkers
  33 thrashing horrors
  Urug (D:15)
  26 deep elf knights
  22 wretched stars
  5 sun demons
  8 hell knights
  2 soul eaters
  5 fire crabs
  2 iron trolls
  3 shadow wraiths
  15 skeletal warriors
  An iron troll (shapeshifter) (Depths:3)
  A quicksilver dragon simulacrum (Abyss:3)
  7 unseen horrors
  A spatial maelstrom (Abyss:3)
  A storm dragon skeleton (Abyss:3)
  A shadow demon (D:13)
  A death drake (Vaults:3)
  67 large abominations
  26 deep trolls
  3 flayed ghosts
  8 hill giants
  2 sea snakes (Vaults:3)
  A spriggan druid (Swamp:3)
  14 giant orange brains
  A cherub (Zot:1)
  18 deep elf archers
  71 starcursed masses
  An obsidian statue (Depths:3)
  7 wizards
  A lindwurm (shapeshifter) (Depths:3)
  5 phantasmal warriors
  4 shambling mangroves
  2 harpies (shapeshifter) (Depths:3)
  Pikel (D:9)
  15 swamp dragons
  8 ironbrand convokers
  21 orc knights
  A frost giant zombie (Abyss:3)
  79 deep elf magi
  6 harpies
  An iron dragon zombie (Abyss:3)
  6 necromancers
  6 orc sorcerers
  18 orb spiders
  6 shining eyes
  A mana viper (Vaults:3)
  A statue (Abyss:3)
  43 wolf spiders
  2 salamanders (Depths:4)
  15 griffons
  10 cyclopes
  A stone giant zombie (Vaults:2)
  A manticore (D:11)
  A faun (shapeshifter) (Depths:3)
  4 hornets
  10 worldbinders
  2 moths of wrath (shapeshifter)
  7 oklob plants
  19 sixfirhies
  23 moths of wrath
  A toenail golem (Zot:1)
  An iron dragon skeleton (Abyss:3)
  22 elephants
  69 ugly things
  3 guardian serpents
  A guardian serpent (shapeshifter) (Depths:1)
  3 stone giant skeletons
  2 eyes of devastation (Slime:6)
  16 smoke demons
  9 black mambas
  3 frost giant skeletons
  3 apocalypse crabs (Abyss:3)
  6 gargoyles
  A naga mage (D:15)
  33 spiny frogs
  8 vault sentinels
  An ice statue (IceCv)
  A torpor snail (shapeshifter) (Depths:3)
  2 rust devils
  4 molten gargoyles (Depths:3)
  5 spectral swamp worms (Depths:2)
  10 orange demons
  5 centaur skeletons
  2 hellions (Abyss:3)
  3 rime drakes
  49 yaktaurs
  21 freezing wraiths
  7 hellwings
  7 kobold demonologists
  A tengu conjurer (Depths:2)
  A tormentor (Abyss:3)
  8 efreet
  8 komodo dragons
  3 human skeletons (Vaults:3)
  3 yaktaurs (shapeshifter) (Depths:3)
  12 demonic crawlers
  7 ice devils
  A yaktaur zombie (Vaults:2)
  2 trolls (shapeshifter)
  33 jumping spiders
  18 ancient zymes
  A harpy zombie (Abyss:2)
  A yaktaur skeleton (Vaults:3)
  3 trolls
  2 merfolk (shapeshifter)
  9 red devils
  A jumping spider (shapeshifter) (Depths:3)
  62 small abominations
  A queen bee (Lair:5)
  17 two-headed ogres
  A wind drake (Depths:3)
  A polar bear (Lair:6)
  25 blink frogs
  89 slime creatures
  3 boulder beetles
  A raiju (shapeshifter) (Vaults:3)
  A blink frog (shapeshifter) (Vaults:3)
  14 bog bodies
  6 giant leeches
  48 raiju
  3 human simulacra
  A stone giant simulacrum (Abyss:3)
  16 ynoxinuls
  2 ice dragon skeletons (Abyss:3)
  A redback (shapeshifter) (Vaults:4)
  13 flying skulls
  A tarantella (shapeshifter) (Abyss:3)
  108 redbacks
  9 spriggans
  38 tarantellas
  9 air elementals
  7 wraiths
  2 yaks (shapeshifter)
  86 yaks
  10 water elementals
  5 wyverns
  5 shadows
  2 golden eyes (shapeshifter)
  21 chaos spawn
  A wyvern (shapeshifter) (Depths:3)
  9 hippogriffs
  A steam dragon (Lair:7)
  2 basilisks
  16 humans
  3 hungry ghosts
  12 fire bats
  10 fire elementals
  17 golden eyes
  A redback simulacrum (Vaults:2)
  25 vampire mosquitoes
  12 neqoxecs
  3 death yak simulacra (IceCv)
  5 mottled dragons
  6 wargs
  15 swamp worms
  25 soldier ants (Spider:4)
  25 insubstantial wisps
  3 spatial vortices (Abyss:3)
  11 hell hounds
  21 water moccasins
  A giant eyeball (Slime:2)
  51 orc warriors
  15 porcupines
  15 swamp drakes
  6 black bears
  A slave (D:9)
  5 sky beasts
  12 eyes of draining
  A sky beast (shapeshifter) (Depths:3)
  2 black bears (shapeshifter)
  19 ice beasts
  3 phantoms
  7 boggarts (Vaults:3)
  17 wasps
  55 ogres
  15 centaurs
  12 wolves
  9 crocodiles
  An elf skeleton (Vaults:3)
  16 big kobolds
  38 giant frogs
  16 earth elementals
  2 wyvern skeletons
  34 killer bees
  6 scorpions
  26 wights
  8 electric eels
  A giant frog zombie (D:7)
  5 howler monkeys
  6 centaur zombies
  4 crimson imps
  4 quasits
  7 hounds
  3 draconian simulacra (IceCv)
  27 jellies
  27 orc priests
  A gnoll shaman (D:10)
  8 iron imps
  3 giant frog skeletons
  12 iguanas
  19 orc wizards
  Natasha (thrice) (D:3)
  2 spriggan simulacra (IceCv)
  32 worker ants
  A polar bear simulacrum (IceCv)
  5 troll simulacra (IceCv)
  A killer bee zombie (D:9)
  25 sheep
  A centaur simulacrum (IceCv)
  A giant frog simulacrum (D:12)
  A mummy (Ossuary)
  A hound skeleton (D:9)
  2 worker ant zombies
  A howler monkey zombie (D:9)
  7 gnolls
  13 adders
  3 naga simulacra (IceCv)
  6 ogre simulacra (IceCv)
  73 river rats
  3 shadow imps
  18 white imps
  5 ufetubi (Abyss:3)
  2 oozes
  2 adder zombies
  2 worms
  4 ball lightnings (Depths:3)
  A dart slug (D:2)
  6 giant geckos
  79 orcs
  8 giant cockroaches
  11 goblins
  4 hobgoblins
  12 jackals
  42 kobolds
  5 quokkas
  7 ball pythons
  A ball python skeleton (D:4)
  13 bats
  6 giant newts
  23 rats
  4 fungi
  3 lurking horrors (Abyss:3)
  9 plants
  18 starspawn tentacles
3660 creatures vanquished.

Vanquished Creatures (others)
  A deep elf sorcerer (Elf:3)
  A dancing weapon (Depths:3)
  A deep elf mage (Elf:1)
  A molten gargoyle (Depths:3)
  A freezing wraith (Vaults:2)
  A blink frog (Abyss:3)
  A raiju (Abyss:3)
  A starcursed mass (Abyss:3)
  2 water elementals (Depths:3)
  A golden eye (Abyss:3)
  An ice beast (Abyss:3)
  2 slaves (D:9)
  A boggart (Vaults:3)
  An eye of draining (shapeshifter) (Depths:3)
  An ogre (Vaults:1)
  2 small abominations (Abyss:3)
  An orc priest (D:9)
  6 ball lightnings
  2 orcs (D:9)
  3 bushes
  4 demonic plants (Abyss:3)
  1789 eldritch tentacle segments
  61 fungi
  5 lurking horrors
  58 plants
  42 starspawn tentacles
  407 starspawn tentacle segments
2397 creatures vanquished.

Grand Total: 6057 creatures vanquished

Notes
Turn   | Place    | Note
--------------------------------------------------------------
     0 | D:1      | Leszczynek the Hill Orc Venom Mage began the quest for the Orb.
     0 | D:1      | Reached XP level 1. HP: 14/14 MP: 3/3
   136 | D:1      | Reached skill level 1 in Fighting
   371 | D:1      | Reached XP level 2. HP: 23/23 MP: 2/4
   440 | D:1      | Reached skill level 1 in Armour
   468 | D:1      | Learned a level 2 spell: Cure Poison
   830 | D:1      | Reached XP level 3. HP: 30/30 MP: 2/5
  1297 | D:2      | Found a blossoming altar of Fedhas.
  1625 | D:2      | Reached XP level 4. HP: 26/38 MP: 6/6
  1910 | D:3      | Found a glowing drain.
  2118 | D:3      | Found an iron altar of Okawaru.
  2118 | D:3      | Found an oddly glowing altar of Pakellas.
  2118 | D:3      | Found a snail-covered altar of Cheibriados.
  2126 | D:3      | Became a worshipper of Warmaster Okawaru
  2285 | D:3      | Noticed Natasha
  2295 | D:3      | Killed Natasha
  2344 | D:3      | Noticed Natasha
  2351 | D:3      | Killed Natasha
  2351 | D:3      | Reached skill level 1 in Invocations
  2351 | D:3      | Reached XP level 5. HP: 41/46 MP: 2/7
  2358 | D:3      | Noticed Natasha
  2365 | D:3      | Killed Natasha
  2410 | Sewer    | Entered a sewer
  2671 | Sewer    | Reached skill level 2 in Invocations
  3284 | Sewer    | Reached XP level 6. HP: 48/55 MP: 6/8
  3323 | Sewer    | Reached skill level 5 in Fighting
  3452 | Sewer    | Reached skill level 3 in Invocations
  3715 | Sewer    | Reached * piety under Okawaru
  3973 | D:3      | Found a shadowy altar of Dithmenos.
  3977 | D:3      | Noticed Zhenya25pyc's ghost (amateur GrFi)
  3980 | D:3      | Noticed Terence
  4256 | D:4      | Found a sand-covered staircase.
  4262 | D:4      | Reached XP level 7. HP: 62/62 MP: 9/9
  4501 | D:4      | Reached skill level 4 in Invocations
  4761 | Ossuary  | Entered an ossuary
  4842 | D:4      | nice ossuary m8
  5703 | D:3      | Reached skill level 5 in Invocations
  6010 | D:4      | Reached XP level 8. HP: 44/73 MP: 11/11
  6210 | D:5      | Entered Level 5 of the Dungeon
  6211 | D:5      | still not even a hand axe
  6333 | D:5      | Reached ** piety under Okawaru
  6619 | D:5      | Found Maeleess's Antique Armour Boutique.
  6622 | D:5      | Bought a fine ring mail for 171 gold pieces
  6634 | D:5      | Identified the +4 ring mail of Anarchy {*Corrode rN+ Str+3} (You bought it in a shop on level 5 of the Dungeon)
  6634 | D:5      | no thanks
  6750 | D:5      | Found a runed door.
  6772 | D:5      | Found a runed door.
  7108 | D:5      | Reached skill level 1 in Maces & Flails
  7108 | D:5      | Reached skill level 5 in Armour
  7149 | D:6      | Found a basalt altar of Yredelemnul.
  7177 | D:6      | Reached skill level 6 in Invocations
  7322 | D:6      | Found a deep blue altar of Sif Muna.
  7768 | D:7      | Reached skill level 7 in Invocations
  7826 | D:7      | Reached XP level 9. HP: 48/81 MP: 14/14
  7999 | D:7      | Found a burning altar of Makhleb.
  8039 | D:7      | Found an iron altar of Okawaru.
  8091 | D:7      | Reached skill level 5 in Axes
  8645 | D:7      | Found a staircase to the Ecumenical Temple.
  9159 | D:8      | Reached *** piety under Okawaru
  9355 | D:8      | Reached skill level 10 in Axes
  9999 | D:8      | Reached XP level 10. HP: 88/88 MP: 15/15
 10115 | D:8      | Found a staircase to the Lair.
 10621 | D:8      | Noticed Erolcha
 10920 | D:9      | Found a shattered altar of Ashenzari.
 10920 | D:9      | Found a sparkling altar of Nemelex Xobeh.
 10920 | D:9      | Found an ancient bone altar of Kikubaaqudgha.
 10961 | D:9      | Noticed Pikel
 11052 | D:10     | Entered Level 10 of the Dungeon
 11058 | D:10     | HP: 5/88 [orc warrior/mace (16)]
 11380 | D:10     | Reached skill level 1 in Crossbows
 11895 | D:9      | Killed Pikel
 12117 | D:9      | HP: 2/88 [orc priest/divine providence (13)]
 12405 | D:10     | Reached **** piety under Okawaru
 13414 | D:10     | Reached XP level 11. HP: 49/95 MP: 16/16
 13825 | D:10     | Received a gift from Okawaru
 14025 | D:9      | Noticed Ijustatesigmund's ghost (novice TrHu)
 14636 | D:10     | Received a gift from Okawaru
 15485 | Lair:1   | Entered Level 1 of the Lair of Beasts
 15485 | Lair:1   | Noticed Shenda's ghost (journeyman HOFi)
 15857 | Lair:2   | Reached skill level 5 in Crossbows
 16097 | Lair:2   | Received a gift from Okawaru
 16462 | Lair:2   | Received a gift from Okawaru
 16805 | Lair:2   | HP: 7/97 [spiny frog (12)]
 16821 | Lair:2   | HP: 9/97 [poisoned by a spiny frog]
 16827 | Lair:2   | HP: 8/97 [poisoned by a spiny frog]
 16833 | Lair:2   | HP: 7/97 [poisoned by a spiny frog]
 16841 | Lair:2   | HP: 7/97 [poisoned by a spiny frog]
 17193 | Lair:2   | this is completely hopeless
 18209 | Lair:2   | Reached XP level 12. HP: 88/104 MP: 17/17
 18380 | Lair:3   | Noticed a seven-headed hydra
 18478 | Lair:2   | HP: 3/104 [komodo dragon (24)]
 19120 | D:5      | Bought a glowing plate armour for 437 gold pieces
 19327 | Lair:1   | Killed Shenda's ghost
 19327 | Lair:1   | Reached ***** piety under Okawaru
 19327 | Lair:1   | Reached skill level 8 in Invocations
 19820 | Lair:1   | Found a sparkling altar of Nemelex Xobeh.
 20462 | Lair:2   | Received a gift from Okawaru
 20462 | Lair:2   | Reached skill level 9 in Invocations
 20743 | Lair:3   | Found a staircase to the Swamp.
 21361 | Lair:3   | Received a gift from Okawaru
 21569 | Lair:3   | Reached skill level 10 in Invocations
 22492 | Lair:3   | Reached skill level 11 in Invocations
 22501 | Lair:3   | Received a gift from Okawaru
 22933 | Lair:3   | Received a gift from Okawaru
 23007 | Lair:3   | Reached skill level 12 in Invocations
 23678 | Lair:4   | Found a blossoming altar of Fedhas.
 23882 | Lair:4   | Received a gift from Okawaru
 23882 | Lair:4   | Reached XP level 13. HP: 90/111 MP: 22/22
 23886 | Lair:4   | stop giving me bolts you retard
 23895 | Lair:4   | why don't you give me a weapon for once?
 23895 | Lair:4   | you always fucking spam them like there's no tomorrow when i'm playing a fucking UC ghoul
 24347 | Lair:4   | Reached skill level 13 in Invocations
 24665 | Lair:5   | Found an oddly glowing altar of Pakellas.
 24682 | Lair:5   | Received a gift from Okawaru
 24699 | Lair:5   | wow, bolts!
 24699 | Lair:5   | you fucking retard die already
 25303 | Lair:5   | Found a hole to the Spider Nest.
 25353 | Lair:5   | Learned a level 1 spell: Apportation
 25355 | Lair:5   | Learned a level 1 spell: Summon Butterflies
 26046 | Lair:5   | Reached skill level 10 in Crossbows
 26247 | Lair:5   | Received a gift from Okawaru
 26275 | Lair:5   | Reached skill level 14 in Invocations
 26863 | Lair:5   | Received a gift from Okawaru
 26866 | Lair:5   | Got a shimmering triple crossbow {god gift}
 26887 | Lair:5   | Reached skill level 15 in Axes
 26948 | Lair:5   | Identified the +7 triple crossbow of the Stork {velocity, Str-2 Int+4 Dex+4} (Okawaru gifted it to you on level 5 of the Lair of Beasts)
 26949 | Lair:5   | jesus oka i'm taking everything back
 26949 | Lair:5   | you're the man
 28220 | Lair:6   | Received a gift from Okawaru
 28230 | Lair:6   | Got a shimmering battleaxe {god gift}
 28231 | Lair:6   | Identified the +6 battleaxe "Tedghe Iritt" {elec, rPois Str-4 Stlth+} (Okawaru gifted it to you on level 6 of the Lair of Beasts)
 28370 | Lair:6   | Reached XP level 14. HP: 64/119 MP: 21/24
 28755 | Lair:6   | Reached skill level 10 in Fighting
 30041 | Lair:7   | Identified a scroll of acquirement
 30302 | Lair:7   | Received a gift from Okawaru
 30302 | Lair:7   | Reached skill level 15 in Invocations
 30342 | Lair:7   | Received a gift from Okawaru
 30626 | Lair:7   | Received a gift from Okawaru
 30921 | Lair:7   | Found a staircase to the Slime Pits.
 31006 | Lair:7   | Received a gift from Okawaru
 31011 | Lair:7   | kek
 31011 | Lair:7   | damnation
 31011 | Lair:7   | oka's going all out
 31485 | Lair:7   | wait
 31485 | Lair:7   | i fucked up
 31485 | Lair:7   | shit
 31964 | D:11     | Found a staircase to the Orcish Mines.
 31969 | D:11     | Found Xoiwk's Armour Emporium.
 32100 | D:11     | Bought a +1 hat of see invisible for 272 gold pieces
 32412 | D:11     | Reached skill level 16 in Invocations
 32693 | Orc:1    | Entered Level 1 of the Orcish Mines
 32696 | Orc:1    | Noticed Chiseanne's ghost (journeyman DsWz)
 33095 | Orc:1    | Killed Chiseanne's ghost
 33208 | Orc:2    | Entered Level 2 of the Orcish Mines
 33208 | Orc:2    | Noticed a stone giant
 33208 | Orc:2    | Noticed a stone giant
 33209 | Orc:2    | oh god
 33215 | Orc:1    | Killed a stone giant
 33395 | D:12     | Found a frozen archway.
 33507 | IceCv    | Entered an ice cave
 33746 | IceCv    | Reached skill level 17 in Invocations
 33825 | IceCv    | Reached XP level 15. HP: 114/126 MP: 27/27
 33865 | IceCv    | Received a gift from Okawaru
 33905 | IceCv    | Found an ancient bone altar of Kikubaaqudgha.
 34510 | D:12     | Reached skill level 18 in Invocations
 35243 | Lair:5   | ohhhh it doesn't leave bolts
 35243 | Lair:5   | i see
 35243 | Lair:5   | so you have to use it sparingly
 35277 | Lair:8   | Entered Level 8 of the Lair of Beasts
 35282 | Lair:8   | Noticed Maud
 35300 | Lair:8   | Killed Maud
 35664 | Lair:8   | Received a gift from Okawaru
 36063 | Lair:8   | HP: 12/128 [electric eel/bolt of electricity (8)]
 37061 | Lair:8   | Got a distressingly furry cloak
 37062 | Lair:8   | Identified the +1 cloak of the Bulwark {rPois} (You found it on level 8 of the Lair of Beasts)
 37065 | Lair:8   | Identified the Grimoire of Feathery Cold
 37071 | Lair:8   | Identified Goallefita's Collected Works on the Dusty Escort (You found it on level 8 of the Lair of Beasts)
 38157 | D:13     | Noticed Snorg
 38176 | D:13     | Killed Snorg
 38988 | D:14     | Found a gate to the Vaults.
 38988 | D:14     | Noticed Rupert
 38989 | D:14     | well shit
 39245 | D:15     | Entered Level 15 of the Dungeon
 39451 | D:15     | Received a gift from Okawaru
 39451 | D:15     | Reached XP level 16. HP: 130/138 MP: 27/29
 39603 | D:15     | Got a transparent executioner's axe
 39604 | D:15     | Identified the +3 executioner's axe "Ynicsups" {elec, Str+4} (You acquired it on level 15 of the Dungeon)
 39605 | D:15     | eh
 39605 | D:15     | but still decent i guess?
 39767 | D:15     | Noticed Urug
 39777 | D:15     | Killed Urug
 40130 | D:15     | Found a staircase to the Depths.
 40851 | Depths:1 | Entered Level 1 of the Depths
 41147 | Lair:5   | Received a gift from Okawaru
 41156 | Spider:1 | Entered Level 1 of the Spider Nest
 41368 | Spider:1 | Received a gift from Okawaru
 41647 | Spider:1 | Noticed Agnes
 41658 | Spider:1 | Killed Agnes
 42123 | Spider:1 | Received a gift from Okawaru
 42123 | Spider:1 | Reached skill level 5 in Dodging
 42141 | Spider:1 | Noticed Donald
 42148 | Spider:1 | Killed Donald
 42183 | Spider:1 | Learned a level 2 spell: Blink
 42186 | Spider:1 | Learned a level 2 spell: Repel Missiles
 42291 | Spider:1 | Reached skill level 19 in Invocations
 42589 | Spider:1 | Received a gift from Okawaru
 43165 | Spider:2 | Reached skill level 10 in Armour
 43851 | Spider:2 | Upgraded the game from 0.18-b1-18-g7758cf2 to 0.18-b1-22-ge198996
 44274 | Spider:2 | Received a gift from Okawaru
 44274 | Spider:2 | Reached XP level 17. HP: 114/146 MP: 1/30
 44277 | Spider:2 | Got a pair of jewelled gloves {god gift}
 44278 | Spider:2 | Identified the +0 pair of gloves of Space {rF+ Dex+4} (Okawaru gifted it to you on level 2 of the Spider Nest)
 44807 | Spider:3 | Reached skill level 20 in Invocations
 44901 | Spider:3 | Reached ****** piety under Okawaru
 47088 | Spider:3 | this 7 EV is annoying
 47690 | Spider:4 | Entered Level 4 of the Spider Nest
 48469 | Spider:3 | i wish i didn't have to wait 3 seconds every time i use stairs
 48479 | Spider:4 | i have two games to finish before 6th may :/
 48764 | Spider:3 | Reached skill level 21 in Invocations
 49417 | Spider:3 | Received a gift from Okawaru
 49827 | Spider:4 | Noticed Louise
 50095 | Spider:4 | Killed Louise
 50519 | Spider:3 | i can't advance any further because i need to rest in between the fights and new spiders spawn and spawn and spawn over and over again
 50523 | Spider:4 | there should be no respawns in this game at all
 50523 | Spider:4 | the difficulty wouldn't get lower actually because you'd have less xp to work with
 51099 | Spider:4 | Reached XP level 18. HP: 143/157 MP: 29/32
 51103 | Spider:4 | Received a gift from Okawaru
 52054 | Spider:4 | Got a gossamer rune of Zot
 52216 | Swamp:1  | Entered Level 1 of the Swamp
 52935 | Swamp:1  | Reached skill level 20 in Axes
 53930 | Swamp:2  | Reached skill level 1 in Evocations
 54629 | Swamp:3  | Received a gift from Okawaru
 54638 | Swamp:3  | Got a pair of translucent gloves {god gift}
 54639 | Swamp:3  | Identified the +0 pair of gloves "Juidum" {*Corrode rF+ Int+3} (Okawaru gifted it to you on level 3 of the Swamp)
 54902 | Swamp:4  | Entered Level 4 of the Swamp
 54904 | Swamp:4  | it's the lerny one, isn't it
 55511 | Swamp:4  | Reached XP level 19. HP: 130/168 MP: 29/33
 56017 | Swamp:4  | Noticed the 27-headed Lernaean hydra
 56043 | Swamp:4  | Killed the 27-headed Lernaean hydra
 56044 | Swamp:4  | oh
 56333 | Swamp:4  | Got a decaying rune of Zot
 56389 | Swamp:4  | wait, i wasn't in orc:2 yet? lol
 56656 | Orc:2    | Found Gegastosk's Distillery.
 56657 | Orc:2    | Found a staircase to the Elven Halls.
 58124 | Orc:2    | Found Roleruciha's Weapon Shoppe.
 58413 | Orc:2    | Received a gift from Okawaru
 58413 | Orc:2    | Reached skill level 5 in Evocations
 58566 | Orc:2    | Found Vouv's Antique Armour Shop.
 58572 | Orc:2    | Found Foigin's General Store.
 58574 | Orc:2    | Found Fip Hucw's Magic Scroll Shoppe.
 58604 | Orc:2    | Bought a scroll of identify for 22 gold pieces
 58604 | Orc:2    | Bought a scroll of teleportation for 33 gold pieces
 58604 | Orc:2    | Bought a scroll of identify for 22 gold pieces
 58604 | Orc:2    | Bought a scroll of identify for 22 gold pieces
 58604 | Orc:2    | Bought a scroll of identify for 22 gold pieces
 58604 | Orc:2    | Bought a scroll of identify for 22 gold pieces
 58606 | Orc:2    | Bought a scroll of fear for 52 gold pieces
 58631 | Orc:2    | Bought a pair of ancient gloves for 285 gold pieces
 58631 | Orc:2    | Identified the -4 pair of gloves of Wefikhlou {+Fly MR+ Str+2} (You bought it in a shop on level 2 of the Orcish Mines)
 58632 | Orc:2    | -4
 58677 | Orc:2    | Bought a potion of haste for 140 gold pieces
 58677 | Orc:2    | Bought a potion of curing for 42 gold pieces
 58677 | Orc:2    | Bought a potion of haste for 140 gold pieces
 58677 | Orc:2    | Bought a potion of curing for 42 gold pieces
 58677 | Orc:2    | Bought a potion of agility for 56 gold pieces
 58677 | Orc:2    | Bought a potion of beneficial mutation for 490 gold pieces
 58677 | Orc:2    | Gained mutation: You have supernaturally acute eyesight. [potion of beneficial mutation]
 58678 | Orc:2    | Bought 2 potions of heal wounds for 140 gold pieces
 58678 | Orc:2    | Bought a potion of heal wounds for 70 gold pieces
 58678 | Orc:2    | Bought a potion of invisibility for 112 gold pieces
 58678 | Orc:2    | Bought a potion of invisibility for 112 gold pieces
 58825 | D:14     | Killed Rupert
 58938 | D:14     | Reached skill level 15 in Fighting
 58955 | D:14     | Received a gift from Okawaru
 59209 | D:14     | Found a blossoming altar of Fedhas.
 59476 | Vaults:1 | Entered Level 1 of the Vaults
 59476 | Vaults:1 | Found Elyuggeh's Antique Weapon Shoppe.
 59613 | Vaults:1 | Found Cauheegg's Antique Weapon Shoppe.
 59624 | Vaults:1 | Bought an encrusted battleaxe for 483 gold pieces
 59624 | Vaults:1 | Identified the +2 battleaxe of Xiuq {venom, rElec Int+3 Dex+4 Stlth-} (You bought it in a shop on level 1 of the Vaults)
 59815 | Vaults:1 | Found Laclih's Gadget Boutique.
 59848 | Vaults:1 | Found Waihia Lopo's Armour Shop.
 60368 | Vaults:1 | Found Biem's Food Boutique.
 60375 | Vaults:1 | Received a gift from Okawaru
 60463 | Vaults:1 | Reached XP level 20. HP: 106/179 MP: 19/34
 60538 | Vaults:1 | Learned a level 2 spell: Swiftness
 60541 | Vaults:1 | Learned a level 2 spell: Passwall
 61940 | Vaults:1 | Reached skill level 15 in Crossbows
 62243 | Vaults:2 | Noticed Jorgrun
 62254 | Vaults:2 | Killed Jorgrun
 62254 | Vaults:2 | Received a gift from Okawaru
 62478 | Vaults:2 | Received a gift from Okawaru
 63040 | Vaults:2 | Received a gift from Okawaru
 64376 | Vaults:3 | Received a gift from Okawaru
 64545 | Vaults:3 | Found a roughly hewn altar of Beogh.
 64844 | Vaults:3 | Reached XP level 21. HP: 86/188 MP: 15/35
 66372 | Vaults:3 | Received a gift from Okawaru
 66464 | Vaults:3 | Found a staircase to the Crypt.
 66589 | Vaults:3 | Received a gift from Okawaru
 66870 | Vaults:3 | Identified the Incunabulum of the Manifold Places
 67679 | Vaults:4 | Reached skill level 10 in Evocations
 69926 | Vaults:4 | Reached XP level 22. HP: 195/195 MP: 36/36
 69931 | Vaults:4 | Received a gift from Okawaru
 70183 | Vaults:4 | Noticed Frederick
 70201 | Vaults:4 | Killed Frederick
 70201 | Vaults:4 | Received a gift from Okawaru
 70526 | Vaults:4 | Got a faintly glowing plate armour {god gift}
 70527 | Vaults:4 | Identified the +4 plate armour "Myl Qyz" {SInv} (Okawaru gifted it to you on level 4 of the Vaults)
 71165 | Vaults:4 | Noticed Mennas
 71209 | Vaults:4 | Killed Mennas
 71235 | Vaults:4 | Reached skill level 10 in Dodging
 72525 | Depths:1 | HP: 19/195 [rakshasa/long sword of draining (11)]
 72980 | Depths:1 | Found a gateway to Hell.
 73001 | Depths:1 | Found a shattered altar of Ashenzari.
 73847 | Depths:2 | Noticed Wiglaf
 74233 | Depths:1 | Received a gift from Okawaru
 74322 | Depths:1 | three amulets in the whole game
 74528 | Depths:1 | Killed Wiglaf
 75501 | Depths:2 | Noticed Asterion
 75524 | Depths:2 | Killed Asterion
 76405 | Depths:2 | Noticed Nikola
 76426 | Depths:2 | Killed Nikola
 76426 | Depths:2 | Reached XP level 23. HP: 181/204 MP: 32/37
 76465 | Depths:2 | Found Ofarye Numo's Magic Scroll Shop.
 76473 | Depths:2 | Bought a scroll of enchant armour for 90 gold pieces
 76473 | Depths:2 | Bought a scroll of fear for 42 gold pieces
 76473 | Depths:2 | Bought a scroll of fog for 24 gold pieces
 76473 | Depths:2 | Bought a scroll of magic mapping for 42 gold pieces
 76473 | Depths:2 | Bought a scroll of identify for 24 gold pieces
 76473 | Depths:2 | Bought a scroll of magic mapping for 42 gold pieces
 76613 | Depths:2 | Found a corrupted altar of Lugonu.
 76613 | Depths:2 | Found a one-way gate to the infinite horrors of the Abyss.
 76627 | Depths:2 | Reached skill level 15 in Armour
 76731 | Depths:2 | Noticed a golden dragon
 76750 | Depths:2 | Killed a golden dragon
 77994 | Depths:3 | oh god, i feel like skipping this whole level, but i need xp
 78382 | Depths:3 | Received a gift from Okawaru
 78724 | Depths:3 | Noticed a golden dragon
 78724 | Depths:3 | a shadow dragon changed into a golden dragon
 79221 | Depths:3 | Received a gift from Okawaru
 79645 | Depths:3 | Received a gift from Okawaru
 79975 | Depths:3 | Noticed Norris
 80008 | Depths:3 | Killed Norris
 80048 | Depths:3 | Reached skill level 20 in Crossbows
 80663 | Depths:3 | Received a gift from Okawaru
 80713 | Depths:3 | Got a slimy plate armour
 80714 | Depths:3 | Identified the +2 plate armour "Noukli" {+Inv rElec MP-9 Str+5} (You took it off a tengu warrior on level 3 of the Depths)
 80903 | Depths:3 | Found a one-way gate leading to the halls of Pandemonium.
 81004 | Depths:3 | Identified a +2 rod of clouds (10/10) (You found it on level 3 of the Depths)
 81125 | Depths:4 | Noticed a caustic shrike
 81128 | Depths:4 | Noticed a caustic shrike
 81128 | Depths:4 | Noticed a caustic shrike
 81128 | Depths:4 | Noticed a caustic shrike
 81157 | Depths:4 | Killed a caustic shrike
 81157 | Depths:4 | Reached skill level 22 in Invocations
 81168 | Depths:4 | Killed a caustic shrike
 81168 | Depths:4 | Received a gift from Okawaru
 81185 | Depths:4 | Killed a caustic shrike
 81185 | Depths:4 | Reached XP level 24. HP: 158/214 MP: 29/38
 81198 | Depths:4 | Killed a caustic shrike
 81238 | Depths:4 | Found a gateway to a ziggurat.
 81847 | Depths:4 | Found Gozag's Antique Weapon Emporium.
 81869 | Depths:4 | Found Gozag's Antique Weapon Shoppe.
 81872 | Depths:4 | Found an opulent altar of Gozag.
 81921 | Depths:4 | Found Gozag's Assorted Antiques.
 83427 | Depths:4 | Received a gift from Okawaru
 84096 | Depths:5 | Entered Level 5 of the Depths
 84262 | Depths:5 | Received a gift from Okawaru
 84439 | Depths:5 | Received a gift from Okawaru
 85506 | Depths:5 | Reached skill level 23 in Invocations
 85522 | Depths:5 | HP: 21/214 [spark wasp (14)]
 86545 | Depths:5 | Found a gate to the Realm of Zot.
 87433 | Elf:1    | Entered Level 1 of the Elven Halls
 87455 | Elf:1    | Reached XP level 25. HP: 169/221 MP: 33/38
 87842 | Elf:1    | nice bug making me walk with a crossbow equipped
 88408 | Elf:1    | Learned a level 3 spell: Regeneration
 88411 | Elf:1    | Learned a level 2 spell: Song of Slaying
 88764 | Elf:1    | Received a gift from Okawaru
 89085 | Elf:2    | wooooooooooow
 89085 | Elf:2    | distortion
 89085 | Elf:2    | how fucking nice
 89085 | Elf:2    | elven rune incoming
 89085 | Elf:2    | Cast into level 5 of the Abyss (a distortion unwield)
 89085 | Abyss:5  | Entered Level 5 of the Abyss
 89086 | Abyss:5  | FIVE
 89086 | Abyss:5  | are you fucking kidding me?!
 89086 | Abyss:5  | FIVE?!
 89086 | Abyss:5  | F I V E ? !
 89086 | Abyss:5  | well fuck you too!
 89484 | Elf:2    | Escaped the Abyss
 89625 | Elf:2    | Found a runed gate.
 89626 | Elf:2    | Found a runed gate.
 89629 | Elf:2    | Found a runed gate.
 89670 | Elf:2    | there's not even any point in going to blade because i have ZERO enchant weapon scrolls
 89670 | Elf:2    | and way too much enchant armour ones
 90148 | Elf:2    | Reached skill level 24 in Invocations
 90273 | Elf:3    | Entered Level 3 of the Elven Halls
 90385 | Elf:3    | Noticed Roxanne
 90488 | Elf:3    | Found Doanu's Distillery.
 90505 | Elf:3    | Bought a potion of curing for 48 gold pieces
 90505 | Elf:3    | Bought a potion of curing for 48 gold pieces
 90505 | Elf:3    | Bought a potion of curing for 48 gold pieces
 90505 | Elf:3    | Bought a potion of curing for 48 gold pieces
 90505 | Elf:3    | Bought a potion of resistance for 160 gold pieces
 90505 | Elf:3    | Bought a potion of heal wounds for 80 gold pieces
 90505 | Elf:3    | Bought a potion of curing for 48 gold pieces
 90553 | Elf:3    | Learned a level 5 spell: Silence
 90937 | Elf:3    | Received a gift from Okawaru
 90977 | Elf:3    | Got a crystal war axe {god gift}
 90978 | Elf:3    | Identified the +5 war axe of the Seer {antimagic, MR+ Dex+3 SInv} (Okawaru gifted it to you on level 3 of the Elven Halls)
 91704 | Elf:3    | Received a gift from Okawaru
 91821 | Elf:3    | Got a slimy bone amulet
 91872 | Elf:3    | Identified the amulet "Kecrag" {+Rage +Inv rPois Str-3} (You found it on level 3 of the Elven Halls)
 92301 | Elf:3    | Received a gift from Okawaru
 92318 | Elf:3    | Got a steaming chain mail {god gift}
 92319 | Elf:3    | Identified the +1 chain mail of the New World {rN+} (Okawaru gifted it to you on level 3 of the Elven Halls)
 92647 | Elf:3    | relec? rn? what relec? what rn?
 92983 | Depths:2 | Voluntarily entered the Abyss.
 92996 | Abyss:1  | Found an opulent altar of Gozag.
 93007 | Abyss:1  | Reached XP level 26. HP: 226/228 MP: 39/39
 93167 | Abyss:1  | Found a corrupted altar of Lugonu.
 93346 | Abyss:2  | Found a corrupted altar of Lugonu.
 93437 | Abyss:2  | Gained mutation: Your body sometimes deteriorates upon taking damage. [a cacodemon]
 93793 | Abyss:2  | Found a shadowy altar of Dithmenos.
 94391 | Abyss:2  | Reached skill level 25 in Invocations
 94560 | Abyss:3  | HP: 17/228 [??? (14)]
 94565 | Abyss:3  | HP: 22/228 [??? (19)]
 95997 | Abyss:3  | Paralysed by accursed screaming for 1 turns
 96167 | Abyss:3  | okay, i'm ready to accept that i'm too weak for abyss
 96167 | Abyss:3  | no idea what i'm going to do for the 3rd rune
 96167 | Abyss:3  | maybe slime LOL
 96426 | Abyss:3  | Received a gift from Okawaru
 96755 | Abyss:3  | of course it's a dead end and OF COURSE i won't tp in time to avoid that unkillable, unavoidable otherwise bullshit
 96755 | Abyss:3  | fucking torment balls
 96767 | Abyss:3  | here, have a teleport into an open space AFTER getting tormented XDXDXDXDXDXDXDXXDXDXDXXDXDXDXDXDXDXD
 97320 | Abyss:3  | i don't even get exits anymore, only stairs down
 97320 | Abyss:3  | again and again and again and again
 97329 | Abyss:3  | wow
 97329 | Abyss:3  | fuck it though, now i'm either getting the rune or dying
 97335 | Abyss:3  | it's personal now
 97677 | Abyss:3  | Reached XP level 27. HP: 224/240 MP: 33/39
 98219 | Abyss:3  | Reached skill level 26 in Invocations
 98288 | Abyss:3  | Received a gift from Okawaru
 98360 | Abyss:3  | Found a corrupted altar of Lugonu.
 98502 | Abyss:3  | Noticed an ancient lich
 98518 | Abyss:3  | Killed an ancient lich
 98702 | Abyss:3  | Received a gift from Okawaru
 98827 | Abyss:3  | Reached skill level 20 in Fighting
 99075 | Abyss:3  | Received a gift from Okawaru
 99133 | Abyss:3  | Found a corrupted altar of Lugonu.
 99350 | Abyss:3  | Found an ancient bone altar of Kikubaaqudgha.
 99448 | Abyss:3  | Reached skill level 1 in Charms
 99454 | Abyss:3  | Reached skill level 1 in Necromancy
 99640 | Abyss:3  | Found a burning altar of Makhleb.
 99855 | Abyss:3  | Paralysed by you for 2 turns
100375 | Abyss:3  | HP: 21/248 [bone dragon (12)]
100640 | Depths:2 | Escaped the Abyss
100641 | Depths:2 | i can't
100641 | Depths:2 | there's no rune there
100641 | Depths:2 | i've been there for over 6k turns, in abyss:3 alone
100641 | Depths:2 | there is just NO. RUNE. THERE
100670 | Depths:2 | i have one potion of might and one agility
100670 | Depths:2 | just enough for one attempt at killing TRJ
101364 | Slime:1  | Entered Level 1 of the Pits of Slime
101398 | Slime:1  | Gained mutation: You occasionally shout uncontrollably at your foes. [a shining eye]
101696 | Slime:2  | Received a gift from Okawaru
101999 | Slime:4  | Gained mutation: You have sharp fingernails. [a shining eye]
102228 | Slime:5  | Gained mutation: You sometimes yell uncontrollably at your foes. [a shining eye]
102233 | Slime:6  | Entered Level 6 of the Pits of Slime
102416 | Slime:6  | Noticed the Royal Jelly
102429 | Slime:6  | Killed the Royal Jelly
102441 | Slime:6  | "There's something in the way"
102441 | Slime:6  | ?????!!?!??!?!?!?!?
103112 | Slime:6  | Got a slimy rune of Zot
103149 | Slime:6  | Identified the Reference Book on Ghastly Flames
103175 | Slime:6  | Identified a +2 rod of ignition (9/9) (You found it on level 6 of the Pits of Slime)
103266 | Slime:6  | Got a heavily runed bone ring
103268 | Slime:6  | Identified the ring "Soizif" {+Fly rC++ EV+3 Str+9 Stlth-} (You found it on level 6 of the Pits of Slime)
103269 | Slime:6  | nice ring
103269 | Slime:6  | too bad i won't be able to wear it because of orbs
103425 | Lair:7   | now these stats now are decent
103425 | Lair:7   | but again, only rF+
103425 | Lair:7   | and still no rElec
103425 | Lair:7   | unless i want to use a +2 battleaxe
103988 | Elf:3    | Reached skill level 27 in Invocations
104019 | Elf:3    | Killed Roxanne
104029 | Elf:3    | Identified Roxanne's Disquisition on Transmutation (You took it off Roxanne on level 3 of the Elven Halls)
104625 | Zot:1    | Entered Level 1 of the Realm of Zot
105382 | Zot:1    | Received a gift from Okawaru
105471 | Zot:1    | Gained mutation: Your flesh is heat resistant. [potion of beneficial mutation]
105472 | Zot:1    | >rF+ mutation
105472 | Zot:1    | ha ha
105472 | Zot:1    | i wonder how many orbs will it last
106335 | Zot:2    | Received a gift from Okawaru
106501 | Zot:2    | Noticed an orb of fire
106512 | Zot:2    | Gained mutation: Your magical capacity is low (-10% MP). [an orb of fire]
106520 | Zot:2    | Killed an orb of fire
106523 | Zot:2    | Received a gift from Okawaru
108982 | Zot:3    | Received a gift from Okawaru
109428 | Zot:4    | Received a gift from Okawaru
109925 | Zot:4    | Received a gift from Okawaru
110104 | Zot:4    | Received a gift from Okawaru
110759 | Zot:5    | Entered Level 5 of the Realm of Zot
111185 | Zot:5    | Noticed an ancient lich
111188 | Zot:5    | Killed an ancient lich
111188 | Zot:5    | Received a gift from Okawaru
111205 | Zot:5    | Noticed an ancient lich
111212 | Zot:5    | Noticed an ancient lich
111213 | Zot:5    | Killed an ancient lich
111219 | Zot:5    | Killed an ancient lich
111541 | Zot:5    | Noticed an orb of fire
111548 | Zot:5    | Gained mutation: Your magical capacity is very low (-20% MP). [an orb of fire]
111554 | Zot:5    | Killed an orb of fire
111615 | Zot:5    | 3 liches, 1 orb down
111667 | Zot:5    | Noticed an orb of fire
111697 | Zot:5    | Noticed an ancient lich
111698 | Zot:5    | Noticed an ancient lich
111703 | Zot:5    | Killed an ancient lich
111704 | Zot:5    | Killed an ancient lich
111704 | Zot:5    | Reached skill level 15 in Evocations
111726 | Zot:5    | 5 liches, 2 orbs down
111726 | Zot:5    | i also panicked and i'm out of holy word
111876 | Zot:5    | Reached skill level 1 in Translocations
111896 | Zot:5    | Noticed an orb of fire
111902 | Zot:5    | Killed an orb of fire
112010 | Zot:5    | wow
112010 | Zot:5    | i'm trapped behind a zot trap
112021 | Zot:5    | Received a gift from Okawaru
112092 | Zot:5    | oh, now he gives me a blue triple xbow
112092 | Zot:5    | kinda late
112098 | Zot:5    | Reached skill level 5 in Translocations
112099 | Zot:5    | though just in time if i wanted to do extended, i guess
112133 | Zot:5    | Noticed an orb of fire
112136 | Zot:5    | Gained mutation: You are dopey. (Int -2) [an orb of fire]
112139 | Zot:5    | Killed an orb of fire
112239 | Zot:5    | Noticed an ancient lich
112245 | Zot:5    | Killed an ancient lich
112292 | Zot:5    | Noticed an orb of fire
112299 | Zot:5    | Killed an orb of fire
112340 | Zot:5    | btw these god buffs are pretty damn long with that much invo ha ha
112418 | Zot:5    | Reached skill level 5 in Spellcasting
112460 | Zot:5    | Received a gift from Okawaru
112466 | Zot:5    | wrath of trog
112466 | Zot:5    | heh
112499 | Zot:5    | Gained mutation: You are partially covered in slimy green scales (AC +2). [an orb of fire]
112502 | Zot:5    | Killed an orb of fire
112512 | Zot:5    | love the random aspect of this game, one orb dies before dealing even 50 damage, this one did 150+ with rF+++
112964 | Zot:5    | time to win (hopefully)
112964 | Zot:5    | Got the Orb of Zot
113009 | Zot:5    | Noticed an orb of fire
113012 | Zot:5    | Gained mutation: You expend magic power (3 MP) to strengthen your wands. [an orb of fire]
113018 | Zot:5    | Killed an orb of fire
113019 | Zot:5    | Noticed Valoq the pandemonium lord
113035 | Zot:5    | Killed Valoq the pandemonium lord
113057 | Zot:5    | oh, forgot to turn off spellcasting
113057 | Zot:5    | oops
113123 | Zot:4    | Noticed Lankir the pandemonium lord
113132 | Zot:4    | Killed Lankir the pandemonium lord
113143 | Zot:4    | Received a gift from Okawaru
113147 | Zot:4    | sniper
113147 | Zot:4    | wow, oka
113147 | Zot:4    | :D
113157 | Zot:3    | pan lord teleported away
113268 | Zot:1    | Noticed a seraph
113286 | Zot:1    | ow!
113297 | Zot:1    | Reached skill level 5 in Summonings
113348 | Zot:1    | Noticed Foelym the pandemonium lord
113381 | Zot:1    | Killed Foelym the pandemonium lord
113434 | Zot:1    | Reached skill level 1 in Air Magic
113541 | Depths:5 | Noticed Xuodal the pandemonium lord
113727 | D:13     | Reached skill level 5 in Charms
114138 | D:1      | Noticed Anior the pandemonium lord
114162 | D:1      | Killed Anior the pandemonium lord
114196 | D:$      | Escaped with the Orb!

Skill      XL: |  1  2  3  4  5  6  7  8  9 10 11 12 13 14 15 16 17 18 19 20 21 22 23 24 25 26 27 |
---------------+----------------------------------------------------------------------------------+-----
Fighting       | 1 2 3 4 5 7 8 9 10 11 13 14 15 16 17 18 23 | 23.3
Armour         | 1 2 3 4 5 8 9 10 11 12 13 14 15 | 15.1
Invocations    | 1 2 3 5 7 12 14 17 18 19 21 22 23 24 25 27 | 27.0
Maces & Flails | 2 |  2.8
Axes           | 4 11 12 14 15 16 17 18 19 20 21 | 21.9
Crossbows      | 4 7 9 10 11 12 13 14 16 17 18 20 21 23 24 26 | 26.0
Dodging        | 2 4 6 7 9 10 14 | 14.4
Evocations     | 3 6 8 10 11 15 | 15.1
Charms         | 5 |  5.7
Necromancy     | 4 |  4.6
Translocations | 6 |  6.3
Spellcasting   | 9 |  9.0
Summonings     | 6 |  6.6
Air Magic      | 4 |  4.3
Stealth        | |  1.5
Poison Magic   | |  3.6

Action                   |  1- 3 |  4- 6 |  7- 9 | 10-12 | 13-15 | 16-18 | 19-21 | 22-24 | 25-27 || total
-------------------------+-------+-------+-------+-------+-------+-------+-------+-------+-------++-------
Melee: Dagger            |    79 |   193 |   147 |       |       |       |       |       |       ||   419
       Unarmed           |     2 |       |       |       |       |       |       |       |     7 ||     9
       Flail             |       |       |   269 |    74 |    45 |    10 |       |       |       ||   398
       Quarterstaff      |       |       |    22 |       |       |       |       |       |       ||    22
       Whip              |       |       |     1 |       |       |       |       |       |       ||     1
       War axe           |       |       |    83 |  1490 |   710 |       |       |       |       ||  2283
       Punch             |       |       |       |    10 |     7 |       |       |       |       ||    17
       Battleaxe         |       |       |       |       |  1000 |  1589 |  1920 |  1495 |  2068 ||  8072
       Great mace        |       |       |       |       |       |    33 |       |       |       ||    33
       Triple crossbow   |       |       |       |       |       |       |       |     1 |       ||     1
       Executioner's axe |       |       |       |       |       |       |       |       |   137 ||   137
 Fire: Arbalest          |       |       |       |     9 |    79 |   145 |    87 |    15 |       ||   335
       Triple crossbow   |       |       |       |       |     1 |       |       |   493 |  2185 ||  2679
Throw: Tomahawk          |       |       |       |     2 |       |       |       |       |       ||     2
 Cast: Sting             |    41 |    69 |    59 |       |       |       |       |       |       ||   169
       Cure Poison       |       |     3 |     6 |       |       |       |       |       |       ||     9
       Blink             |       |       |       |       |       |       |       |       |     1 ||     1
       Repel Missiles    |       |       |       |       |       |       |       |       |     1 ||     1
Invok: Heroism           |       |       |     7 |    31 |    30 |    25 |    20 |    24 |    40 ||   177
       Finesse           |       |       |       |       |     2 |     3 |     3 |     7 |     8 ||    23
Evoke: Wand              |       |       |     4 |     5 |       |     1 |     1 |       |    14 ||    25
       Phantom mirror    |       |       |       |     1 |       |       |       |       |       ||     1
  Use: Scroll            |       |    10 |     5 |     9 |    21 |    15 |    13 |    11 |    31 ||   115
       Potion            |       |       |     1 |    13 |     5 |     3 |     5 |    12 |    29 ||    68
 Stab: Sleeping          |     1 |       |       |       |       |       |       |       |       ||     1
       Paralysed         |       |       |       |     5 |       |       |       |       |       ||     5
       Distracted        |       |       |       |     1 |       |       |       |     1 |     2 ||     4
       Confused          |       |       |       |       |       |     1 |       |       |       ||     1
  Eat: Chunk             |     3 |    11 |    22 |    27 |    51 |    40 |    40 |    34 |    36 ||   264
       Pizza             |       |       |       |     3 |       |     3 |     1 |       |     3 ||    10
       Fruit             |       |       |       |     5 |     2 |     5 |     3 |     2 |     6 ||    23
       Royal jelly       |       |       |       |     2 |     3 |     6 |     1 |       |     2 ||    14
       Bread ration      |       |       |       |     4 |       |       |       |     2 |     8 ||    14
       Beef jerky        |       |       |       |     2 |       |       |     2 |    10 |     3 ||    17
       Meat ration       |       |       |       |       |       |       |       |       |     1 ||     1
Armor: Robe              |    25 |    31 |     3 |       |       |       |       |       |       ||    59
       Ring mail         |       |       |   125 |       |       |       |       |       |       ||   125
       Scale mail        |       |       |   118 |    40 |       |       |       |       |       ||   158
       Plate armour      |       |       |       |   904 |  1517 |  1791 |  1100 |  1184 |  2258 ||  8754
Dodge: Dodged            |    65 |   137 |   267 |   440 |   513 |   750 |   639 |   800 |  2102 ||  5713
